 Dungeon Crawl Stone Soup version 0.18.1-5-g4a78601 (webtiles) character file.

5023 PossumBlood the Severer (level 10, 0/77 HPs)
             Began as a Minotaur Fighter on May 10, 2016.
             Was a Follower of Okawaru.
             Slain by a tengu warrior
             ... wielding a +0 long sword
              (4 damage)
             ... on level 9 of the Dungeon.
             The game lasted 00:17:28 (8547 turns).

PossumBlood the Severer (Minotaur Fighter)          Turns: 8547, Time: 00:17:29

Health: 0/77       AC: 12    Str: 24      XL:     10   Next: 30%
Magic:  9/9        EV:  6    Int:  5      God:    Okawaru [*.....]
Gold:   327        SH:  0    Dex:  9 (10) Spells: 0 memorised, 9 levels left

rFire  . . .     SeeInvis .     B - +1 battleaxe
rCold  . . .     Gourm    .     I - +0 plate armour
rNeg   . . .     Faith    .     (shield currently unavailable)
rPois  .         Spirit   .     (helmet restricted)
rElec  .         Dismiss  .     (no cloak)
rCorr  .         Reflect  .     D - +0 pair of gloves
SustAt .         Harm     .     (no boots)
MR     .....                    (no amulet)
Stlth  ..........               (no ring)
                                (no ring)

@: hasted, very quick, not resistant to hostile enchantments, extremely
unstealthy
A: retaliatory headbutt, horns 2
a: Heroism, Renounce Religion


You were on level 9 of the Dungeon.
You worshipped Okawaru.
Okawaru was aware of your devotion.
You were not hungry.

You visited 2 branches of the dungeon, and saw 10 of its levels.

You collected 327 gold pieces.

Inventory:

Hand Weapons
 a - a +1 war axe
 p - a +3 dire flail
 w - a +2 shortbow of velocity
 B - a +1 battleaxe (weapon)
 H - the +11 long sword "Ricsoxia" {elec, MP+9 Dex+3 Stlth-}
   (You found it on level 6 of the Dungeon)

   Occasionally, upon striking a foe, it will discharge some electrical energy
   and cause terrible harm.
   It affects your dexterity (+3).
   It affects your magic capacity (+9).
   It makes you less stealthy.
 M - a +0 quarterstaff of protection
Missiles
 e - 10 tomahawks (quivered)
 x - 192 arrows
Armour
 c - a +1 shield
 D - a +0 pair of gloves (worn)
 I - a +0 plate armour (worn)
Magical Staves
 F - an uncursed staff of power {unknown}
 K - a cursed staff of summoning {unknown}
Wands
 y - a wand of iceblast (9/15)
 A - a wand of digging (18/24)
 G - a wand of polymorph (5/24)
Scrolls
 h - 2 scrolls of recharging
 l - a scroll of enchant weapon
 m - 2 scrolls of teleportation
 n - 5 scrolls of remove curse
 o - 4 scrolls of amnesia
 q - 2 scrolls of magic mapping
 r - 3 scrolls of identify
 s - 2 scrolls of immolation
 J - a scroll of enchant armour
Potions
 b - a potion of ambrosia {unknown}
 d - a potion of might
 g - 3 potions of haste
 j - 4 potions of curing
 k - a potion of lignification
 t - 2 potions of flight
 u - a potion of agility
 z - 2 potions of berserk rage
 C - 3 potions of brilliance
 E - a potion of cancellation
Comestibles
 f - 9 bread rations
 i - 3 meat rations
 L - a fruit


   Skills:
 - Level 3.6 Fighting
 * Level 16.9 Axes
 - Level 3.6 Armour
 - Level 3.6 Shields


You had 9 spell levels left.
You didn't know any spells.

Dungeon Overview and Level Annotations

Branches:
Dungeon (9/15)             Temple (1/1) D:5
   Lair: D:8-11         Orc: D:9-12

Altars:
Ashenzari
Cheibriados
Dithmenos
Elyvilon
Fedhas
Gozag
Kikubaaqudgha
Makhleb
Nemelex Xobeh
Okawaru
Pakellas
Qazlal
Ru
Sif Muna
Trog
Vehumet
Xom
Yredelemnul
Zin
The Shining One
Lugonu

Shops:
D:4 =


Innate Abilities, Weirdness & Mutations

You reflexively headbutt those who attack you in melee.
You have a pair of horns on your head.


Message History

You closely miss the tengu warrior. Your headbutt misses the tengu warrior.
The tengu warrior hits you with a long sword!
The tengu warrior pecks you.
The tengu warrior claws you but does no damage.
You hit the tengu warrior.
The tengu warrior is lightly wounded.
The gnoll hits you from afar with a spear.
* * * LOW HITPOINT WARNING * * *
The orc warrior hits you from afar with an enchanted trident.
* * * LOW HITPOINT WARNING * * *
The tengu warrior hits you with a long sword.
* * * LOW HITPOINT WARNING * * *
The tengu warrior pecks you but does no damage.
The tengu warrior completely misses you.
Drink which item? (? for menu, Esc to quit)
You feel yourself speed up. The gnoll hits you but does no damage.
The orc warrior hits you from afar with an enchanted trident!
* * * LOW HITPOINT WARNING * * *
The tengu warrior hits you with a long sword.
You die...

...#
#..........#....#....#.##
...#
#..........#....#....#.#
...
#..........#....#....#.#
#
#..........#....#..###.#
####......#....####...#
+......#...........##
#......#............. ..
#......#.............
...#...@Q.#.............
#..#####).##.###########
#......#og.#)#.......
#......#...#.#.......
#......#...#. .......
#......#...# .......
#......'(..###.......
.......'...(.Q..≈....
.......#....(†.......


You could see a tengu warrior, an orc warrior and a gnoll.

Vanquished Creatures
  Joseph (D:8)
  Psyche (D:8)
  A troll (D:9)
  Prince Ribbit (D:7)
  4 yaks (D:9)
  Grum (D:9)
  Menkaure (D:7)
  Duvessa (D:7)
  A black bear (D:6)
  2 sky beasts (D:9)
  2 ice beasts
  A wasp (D:9)
  2 ogres
  A phantom (D:7)
  2 wolves (D:9)
  6 centaurs
  A big kobold (D:5)
  A giant frog (D:3)
  Dowan (D:7)
  3 scorpions
  3 wights (D:6)
  A howler monkey (D:6)
  A giant frog zombie (D:9)
  3 crimson imps
  A quasit (D:9)
  A centaur zombie (D:8)
  2 hounds
  A jelly (D:9)
  A gnoll shaman (D:6)
  4 orc priests
  3 orc wizards (D:4)
  A centaur skeleton (D:7)
  5 worker ants
  A killer bee zombie (D:5)
  3 hound skeletons
  8 gnolls
  A howler monkey skeleton (D:6)
  14 adders
  3 shadow imps
  3 oozes
  2 adder zombies (D:5)
  2 adder skeletons
  A worm (D:2)
  4 dart slugs
  4 giant geckos
  15 orcs
  3 ball pythons
  7 bats
  4 giant cockroaches
  8 goblins
  3 hobgoblins
  11 jackals
  8 kobolds
  3 quokkas
  A giant gecko skeleton (D:5)
  A giant gecko zombie (D:5)
  3 giant newts
  8 rats
182 creatures vanquished.

Notes
Turn   | Place    | Note
--------------------------------------------------------------
     0 | D:1      | PossumBlood the Minotaur Fighter began the quest for the Orb.
     0 | D:1      | Reached XP level 1. HP: 19/19 MP: 0/0
    69 | D:1      | Reached skill level 3 in Axes
   241 | D:1      | Reached XP level 2. HP: 26/26 MP: 1/1
   396 | D:1      | Reached skill level 4 in Axes
   567 | D:2      | Reached XP level 3. HP: 27/31 MP: 2/2
   728 | D:2      | Reached skill level 5 in Axes
   926 | D:2      | Reached XP level 4. HP: 37/39 MP: 3/3
  1182 | D:3      | Noticed a giant frog
  1185 | D:3      | Killed a giant frog
  1185 | D:3      | Reached skill level 6 in Axes
  1185 | D:3      | Reached XP level 5. HP: 39/45 MP: 4/4
  1411 | D:3      | Reached skill level 7 in Axes
  1741 | D:3      | Found an oddly glowing altar of Pakellas.
  1999 | D:4      | Reached XP level 6. HP: 40/51 MP: 5/5
  2080 | D:4      | Reached skill level 8 in Axes
  2118 | D:4      | Found Neniek's Jewellery Shop.
  2614 | D:4      | Found a blossoming altar of Fedhas.
  2788 | D:5      | Entered Level 5 of the Dungeon
  2807 | D:5      | Reached skill level 9 in Axes
  2807 | D:5      | Reached XP level 7. HP: 56/57 MP: 6/6
  2869 | D:5      | Reached skill level 10 in Axes
  3540 | D:5      | Found a staircase to the Ecumenical Temple.
  3558 | Temple   | Entered the Ecumenical Temple
  3715 | D:5      | Reached skill level 11 in Axes
  3748 | D:5      | Reached XP level 8. HP: 64/64 MP: 7/7
  4161 | D:6      | Reached skill level 12 in Axes
  4718 | D:6      | Found a glowing silver altar of Zin.
  4718 | D:6      | Found a glowing golden altar of the Shining One.
  4718 | D:6      | Found a white marble altar of Elyvilon.
  4774 | D:6      | Got a sapphire long sword
  4775 | D:6      | Identified the +11 long sword "Ricsoxia" {elec, MP+9 Dex+3 Stlth-} (You found it on level 6 of the Dungeon)
  4797 | D:6      | Reached skill level 13 in Axes
  5374 | D:7      | Noticed Prince Ribbit
  5391 | D:7      | Killed Prince Ribbit
  5391 | D:7      | Reached XP level 9. HP: 24/70 MP: 8/8
  5747 | D:7      | Noticed Dowan
  5750 | D:7      | Noticed Duvessa
  5756 | D:7      | Noticed Menkaure
  6022 | D:7      | Killed Menkaure
  6022 | D:7      | Reached skill level 14 in Axes
  6170 | D:7      | Killed Dowan
  6308 | D:7      | Killed Duvessa
  6829 | D:8      | Found a burning altar of Makhleb.
  6829 | D:8      | Found a radiant altar of Vehumet.
  7158 | D:8      | Noticed Joseph
  7172 | D:8      | Killed Joseph
  7172 | D:8      | Reached skill level 15 in Axes
  7434 | D:8      | Noticed Psyche
  7444 | D:8      | Killed Psyche
  7541 | D:8      | Found a shattered altar of Ashenzari.
  7548 | D:8      | Found a stormy altar of Qazlal.
  7553 | D:8      | Found an ancient bone altar of Kikubaaqudgha.
  7564 | D:8      | Found an iron altar of Okawaru.
  7568 | D:8      | Became a worshipper of Warmaster Okawaru
  7575 | D:8      | Found a snail-covered altar of Cheibriados.
  7579 | D:8      | Found a deep blue altar of Sif Muna.
  7582 | D:8      | Found a bloodstained altar of Trog.
  7670 | D:9      | Reached skill level 16 in Axes
  7674 | D:9      | Reached XP level 10. HP: 58/77 MP: 9/9
  7683 | D:9      | Reached * piety under Okawaru
  7941 | D:9      | Noticed Grum
  7951 | D:9      | Killed Grum
  8521 | D:9      | Noticed a tengu warrior
  8547 | D:9      | Slain by a tengu warrior

Skill      XL: |  1  2  3  4  5  6  7  8  9 |
---------------+----------------------------+-----
Axes           | 3 4 5 6 7 9 11 13 16 | 16.9
Fighting       | |  3.6
Armour         | |  3.6
Shields        | |  3.6

Action                   |  1- 3 |  4- 6 |  7- 9 | 10-12 || total
-------------------------+-------+-------+-------+-------++-------
Melee: War axe           |    68 |   125 |   104 |       ||   297
       Headbutt          |     5 |    24 |    51 |    12 ||    92
       Battleaxe         |       |       |   169 |    62 ||   231
Throw: Tomahawk          |       |       |     1 |       ||     1
  Use: Scroll            |       |    17 |     7 |       ||    24
       Potion            |       |       |     3 |     3 ||     6
  Eat: Beef jerky        |       |     1 |     2 |       ||     3
       Fruit             |       |     3 |       |       ||     3
       Meat ration       |       |     1 |       |       ||     1
       Royal jelly       |       |       |     1 |       ||     1
       Pizza             |       |       |     1 |       ||     1
       Bread ration      |       |       |     2 |       ||     2
Armor: Scale mail        |    39 |    45 |    97 |       ||   181
       Plate armour      |       |       |    27 |    57 ||    84
Dodge: Dodged            |    22 |    21 |    96 |    43 ||   182
Block: Shield            |    36 |    57 |    63 |       ||   156
